 Dungeon Crawl Stone Soup version 0.22.1-2-g9c5b331 (webtiles) character file.

8818 john2 the Spear-Bearer (level 11, -8/97 HPs)
             Began as a Minotaur Abyssal Knight on Nov 26, 2018.
             Was a High Priest of Lugonu.
             Mangled by a ten-headed hydra (10 damage)
             ... on level 3 of the Lair of Beasts.
             The game lasted 00:52:42 (13646 turns).

john2 the Spear-Bearer (Minotaur Abyssal Knight)   Turns: 13646, Time: 00:52:43

Health: -8/97      AC: 17    Str: 19    XL:     11   Next: 14%
Magic:  9/13       EV: 12    Int: 14    God:    Lugonu [*****.]
Gold:   680        SH:  0    Dex: 13    Spells: 10/10 levels left

rFire    . . .     SeeInvis .   s - +4 halberd
rCold    + . .     Gourm    .   (shield currently unavailable)
rNeg     . . .     Faith    .   x - +3 scale mail {rC+}
rPois    .         Spirit   .   (helmet restricted)
rElec    .         Reflect  .   z - +0 cloak
rCorr    .         Harm     .   O - +3 pair of gloves of Uhutoke {Int+5 Dex+2}
MR       .....                  (no boots)
Stlth    ..........             w - amulet of magic regeneration
HPRegen  0.26/turn              (no ring)
MPRegen  0.38/turn              (no ring)

@: drained
A: retaliatory headbutt, horns 2
a: Depart the Abyss, Bend Space, Banish, Corrupt, Enter the Abyss, Renounce
Religion


You were on level 3 of the Lair of Beasts.
You worshipped Lugonu.
Lugonu was extremely pleased with you.
You were not hungry.

You visited 3 branches of the dungeon, and saw 12 of its levels.
You visited the Abyss 1 time.
You also visited: Ossuary.

You collected 680 gold pieces.

Inventory:

Hand Weapons
 a - a +1 hand axe
 g - a -1 shortbow
 s - a +4 halberd (weapon)
 v - a +2 hunting sling of flaming
 J - the +9 staff of Olgreb {rPois}
   (You took it off an orc wizard on level 7 of the Dungeon)

   It protects you from poison.
 S - a +1 dire flail of draining
Missiles
 h - 11 tomahawks (quivered)
Armour
 x - a +3 scale mail of cold resistance (worn)
 z - a +0 cloak (worn)
 B - the +0 leather armour "Doohiwau" {Dex+4}
   (You found it on level 6 of the Dungeon)

   It affects your dexterity (+4).
 O - the +3 pair of gloves of Uhutoke (worn) {Int+5 Dex+2}
   (You found it on level 1 of the Lair of Beasts)

   It affects your intelligence (+5).
   It affects your dexterity (+2).
 T - a +0 buckler
Jewellery
 w - an amulet of magic regeneration (around neck)
 I - an uncursed ring of protection from cold {unknown}
Wands
 e - a wand of iceblast (20)
 j - a wand of random effects (35)
 A - a wand of flame (59)
 N - a wand of digging (13)
 R - a wand of polymorph (11)
Scrolls
 b - 2 scrolls of noise
 d - 5 scrolls of enchant weapon
 l - 5 scrolls of teleportation
 m - 5 scrolls of remove curse
 q - 3 scrolls of immolation
 y - a scroll of random uselessness
 D - a scroll of torment {unknown}
 E - 2 scrolls of enchant armour {unknown}
 F - 4 scrolls of amnesia
 G - 2 scrolls of magic mapping
 H - a scroll of vulnerability {unknown}
 K - a scroll of blinking {unknown}
 L - a scroll of fog {unknown}
 M - a scroll of fear {unknown}
 P - a scroll of summoning {unknown}
 Q - 2 scrolls of identify
Potions
 f - 3 potions of curing
 i - 4 potions of lignification
 k - 5 potions of agility
 n - a potion of might
 o - a potion of degeneration
 p - 2 potions of mutation
 r - 4 potions of flight
 t - 5 potions of brilliance
 u - a potion of heal wounds
 C - 2 potions of resistance
Comestibles
 c - 15 rations


   Skills:
 + Level 9.5(9.3) Fighting
 - Level 6.4(10.1) Axes
 * Level 12.4(12.8) Polearms
 - Level 1.2(1.0) Throwing
 + Level 9.1(8.9) Armour
 + Level 4.4(4.2) Dodging
 - Level 1.5(1.4) Stealth
 + Level 4.3(4.2) Invocations
 + Level 3.3(3.2) Evocations


You had 10 spell levels left.
You didn't know any spells.
Your spell library contained the following spells:

 Spells                   Type           Power        Failure   Level  Hunger
 Beastly Appendage        Tmut           #.....       58%         1    ##.....
 Flame Tongue             Conj/Fire      #....        58%         1    ##.....
 Freeze                   Ice            #...         58%         1    ##.....
 Magic Dart               Conj           #...         58%         1    ##.....
 Blink                    Tloc           N/A          73%         2    ###....
 Call Imp                 Summ           #.......     73%         2    ###....
 Slow                     Hex            #.......     73%         2    ###....
 Sticks to Snakes         Tmut           #.......     73%         2    ###....
 Throw Flame              Conj/Fire      #.....       73%         2    ###....
 Throw Frost              Conj/Ice       #.....       73%         2    ###....
 Conjure Flame            Conj/Fire      #.......     91%         3    ####...
 Inner Flame              Hex/Fire       #.......     91%         3    ####...
 Mephitic Cloud           Conj/Pois/Air  #.......     91%         3    ####...
 Ozocubu's Armour         Chrm/Ice       #.......     91%         3    ####...
 Spider Form              Tmut/Pois      #.........   91%         3    ####...
 Ice Form                 Ice/Tmut       #.......     100%        4    #####..
 Sticky Flame             Conj/Fire      #.......     100%        4    #####..
 Summon Ice Beast         Ice/Summ       #.......     100%        4    #####..
 Throw Icicle             Conj/Ice       #.......     100%        4    #####..
 Blade Hands              Tmut           #.........   100%        5    ######.
 Fireball                 Conj/Fire      #.........   100%        5    ######.


Dungeon Overview and Level Annotations

Branches:
Dungeon (8/15)             Temple (1/1) D:6            Lair (3/6) D:8
  Swamp: Lair:2-4    Shoals: Lair:2-4     Snake: Lair:2-4    Spider: Lair:2-4

Altars:
Ashenzari
Cheibriados
Dithmenos
Fedhas
Gozag
Hepliaklqana
Nemelex Xobeh
Okawaru
Uskayaw
Vehumet
Wu Jian
Yredelemnul

Annotations:
D:4 1 runed door, teukkam's ghost, amateur MiFi


Innate Abilities, Weirdness & Mutations

You reflexively headbutt those who attack you in melee.
You have a pair of horns on your head.


Message History

The ten-headed hydra bites you.
The ten-headed hydra bites you but does no damage.
The ten-headed hydra bites you!
* * * LOW HITPOINT WARNING * * *
The ten-headed hydra closely misses you.
The ten-headed hydra bites you!
* * * LOW HITPOINT WARNING * * *
The ten-headed hydra bites you but does no damage.
The ten-headed hydra barely misses you.
The ten-headed hydra closely misses you.
The ten-headed hydra bites you!
* * * LOW HITPOINT WARNING * * *
The ten-headed hydra closely misses you.
Press: ? - help, Shift-Dir - straight line, f - ten-headed hydra
Aim: a ten-headed hydra (heavily wounded, chance to defeat MR: 51%)
The ten-headed hydra resists with significant effort.
You feel somewhat more hungry. The ten-headed hydra bites you.
* * * LOW HITPOINT WARNING * * *
The ten-headed hydra bites you!
You die...

#..$≈## #≈≈.
##...≈≈###≈≈≈.
#.!..≈≈≈≈≈≈≈≈.
#............
#........... ..... ..
.......# #.... ##.
#.....# ##.... ##..
#...D.# .#P....##.#.
##..@.# #..P.......#.
#....# #............
#....# #............
#....# #.##.........
##.#.## #........<...
#P.#.#####..#..P..#..
##..........<....##..
#...............###.
#########.##..### #.


You could see a ten-headed hydra.

Vanquished Creatures
  Harold (Lair:2)
  2 spiny frogs
  2 komodo dragons
  2 hippogriffs
  5 yaks (Lair:1)
  Edmund (D:5)
  Duvessa (D:6)
  2 water moccasins
  2 orc warriors
  2 porcupines
  2 ice beasts (D:5)
  A sky beast (D:6)
  A black bear (Lair:1)
  3 phantoms
  2 ogres
  A centaur (D:7)
  6 wolves
  5 crocodiles
  A big kobold (D:8)
  Blork the orc (D:5)
  10 bullfrogs
  A wyvern zombie (Ossuary)
  A wyvern skeleton (D:7)
  2 scorpions
  Dowan (D:6)
  A howler monkey (D:4)
  An electric eel (Lair:1)
  6 bullfrog zombies
  A crimson imp (D:8)
  5 jellies
  A bullfrog skeleton (D:4)
  5 hounds
  6 orc wizards
  2 centaur skeletons
  4 iguanas
  8 worker ants
  A killer bee zombie (D:5)
  4 hound zombies (Ossuary)
  15 mummies (Ossuary)
  2 worker ant zombies (Ossuary)
  8 gnolls
  13 adders
  5 oozes (D:8)
  4 adder zombies
  4 worms
  A dart slug (D:1)
  5 leopard geckos
  18 orcs
  3 ball pythons
  4 bats
  4 giant cockroaches
  8 goblins
  8 hobgoblins
  3 jackals
  2 quokkas
  5 frilled lizards
  A jackal zombie (Ossuary)
  18 kobolds
  A quokka skeleton (D:4)
  4 rats
239 creatures vanquished.

Vanquished Creatures (others)
  A hippogriff (Lair:2)
  A withered plant (Ossuary)
2 creatures vanquished.

Grand Total: 241 creatures vanquished

Notes
Turn   | Place    | Note
-------+----------+-------------------------------------------
     0 | Abyss:1  | john2 the Minotaur Abyssal Knight began the quest for the
                  | Orb.
     0 | Abyss:1  | Reached XP level 1. HP: 19/19 MP: 1/1
    52 | Abyss:1  | Noticed a fire bat
    53 | Abyss:1  | Noticed a small abomination
    57 | D:1      | Escaped the Abyss
   398 | D:1      | Reached XP level 2. HP: 27/27 MP: 2/2
   399 | D:1      | Reached * piety under Lugonu
   698 | D:1      | Reached XP level 3. HP: 34/34 MP: 3/3
  1246 | D:2      | HP: 1/34 [worm (6)]
  1909 | D:2      | Reached XP level 4. HP: 41/41 MP: 4/4
  2711 | D:2      | HP: 2/41 [gnoll/whip (2)]
  2713 | D:2      | Reached skill level 5 in Axes
  3049 | D:2      | Reached XP level 5. HP: 24/47 MP: 5/5
  3593 | D:3      | Reached ** piety under Lugonu
  4625 | D:4      | Reached skill level 1 in Stealth
  4629 | D:4      | Reached XP level 6. HP: 51/55 MP: 6/6
  4688 | D:3      | Reached skill level 5 in Fighting
  4803 | D:4      | Found a shattered altar of Ashenzari.
  4804 | D:4      | Found a hide-covered altar of Uskayaw.
  4805 | D:4      | Found an opulent altar of Gozag.
  4809 | D:4      | Found a snail-covered altar of Cheibriados.
  4881 | D:4      | Reached skill level 1 in Polearms
  5175 | D:4      | Reached skill level 2 in Polearms
  5175 | D:4      | Reached XP level 7. HP: 61/61 MP: 7/7
  5375 | D:4      | Reached skill level 3 in Polearms
  5567 | D:4      | Found a runed door.
  5567 | D:4      | Noticed teukkam's ghost (amateur MiFi)
  5740 | D:4      | Found a hazy altar of Hepliaklqana.
  5991 | D:5      | Entered Level 5 of the Dungeon
  6019 | D:5      | Noticed Edmund
  6035 | D:5      | Killed Edmund
  6035 | D:5      | Reached skill level 4 in Polearms
  6035 | D:5      | Reached skill level 5 in Armour
  6233 | D:5      | Reached skill level 1 in Throwing
  6234 | D:5      | Reached *** piety under Lugonu
  6245 | D:5      | Reached skill level 5 in Polearms
  6460 | D:5      | Reached XP level 8. HP: 63/70 MP: 8/8
  6542 | D:5      | Reached skill level 6 in Polearms
  6817 | D:5      | Noticed Blork the orc
  6832 | D:5      | Killed Blork the orc
  6952 | D:5      | Reached skill level 7 in Polearms
  7121 | D:6      | Found a sand-covered staircase.
  7146 | D:6      | Noticed Duvessa
  7146 | D:6      | Noticed Dowan
  7154 | D:6      | Killed Dowan
  7160 | D:6      | Killed Duvessa
  7169 | D:6      | Got an encrusted leather armour
  7181 | Ossuary  | Entered an ossuary
  7209 | Ossuary  | Reached skill level 8 in Polearms
  7394 | Ossuary  | Reached XP level 9. HP: 76/78 MP: 9/9
  7446 | Ossuary  | Reached **** piety under Lugonu
  7512 | Ossuary  | Reached skill level 9 in Polearms
  7691 | D:6      | Identified the +0 leather armour "Doohiwau" {Dex+4} (You
                  | found it on level 6 of the Dungeon)
  7859 | D:6      | Found a staircase to the Ecumenical Temple.
  7872 | Temple   | Entered the Ecumenical Temple
  8010 | D:6      | Found an iron altar of Okawaru.
  8261 | D:7      | Found an ornate altar of the Wu Jian Council.
  8408 | D:7      | Found a blossoming altar of Fedhas.
  8608 | D:7      | Reached skill level 10 in Polearms
  9794 | D:8      | Reached ***** piety under Lugonu
  9991 | D:8      | Reached skill level 11 in Polearms
 10056 | D:8      | Found a sparkling altar of Nemelex Xobeh.
 10089 | D:8      | Reached skill level 1 in Evocations
 10263 | D:8      | Reached XP level 10. HP: 89/89 MP: 10/10
 10314 | D:8      | Found a shadowy altar of Dithmenos.
 10456 | D:8      | Found a staircase to the Lair.
 10467 | Lair:1   | Entered Level 1 of the Lair of Beasts
 10479 | Lair:1   | Noticed a spiny frog
 10488 | Lair:1   | Killed a spiny frog
 11986 | Lair:1   | Got a pair of dazzling gloves
 11992 | Lair:1   | Identified the +3 pair of gloves of Uhutoke {Int+5 Dex+2}
                  | (You found it on level 1 of the Lair of Beasts)
 12190 | Lair:2   | Reached skill level 12 in Polearms
 12207 | Lair:2   | Noticed a six-headed hydra
 12227 | Lair:2   | Banished an eight-headed hydra
 12445 | Lair:2   | Noticed a spiny frog
 12452 | Lair:2   | Killed a spiny frog
 12516 | Lair:2   | Noticed Harold
 12532 | Lair:2   | Killed Harold
 12532 | Lair:2   | Reached XP level 11. HP: 51/97 MP: 13/13
 13635 | Lair:3   | Noticed a six-headed hydra
 13646 | Lair:3   | HP: 2/97 [ten-headed hydra (5)]
 13646 | Lair:3   | Mangled by a ten-headed hydra

Skill      XL: |  1  2  3  4  5  6  7  8  9 10 |
---------------+-------------------------------+-----
Fighting       | 4 5 6 8 9 |  9.5
Axes           | 3 4 5 6 |  6.4
Armour         | 3 4 5 6 7 9 |  9.1
Stealth        | 1 |  1.5
Polearms       | 2 5 8 11 12 | 12.4
Throwing       | 1 |  1.2
Invocations    | 2 4 |  4.3
Evocations     | 1 3 |  3.3
Dodging        | 4 |  4.4

Action                   |  1- 3 |  4- 6 |  7- 9 | 10-12 || total
-------------------------+-------+-------+-------+-------++-------
Melee: Hand axe          |    89 |    96 |       |       ||   185
       Headbutt          |    10 |    14 |    71 |    29 ||   124
       Halberd           |       |    25 |   435 |   159 ||   619
Throw: Tomahawk          |       |    11 |     5 |     1 ||    17
Invok: Depart the Abyss  |     1 |       |       |       ||     1
       Bend Space        |       |       |     1 |       ||     1
       Banish            |       |       |       |     3 ||     3
  Use: Scroll            |       |       |    16 |     3 ||    19
  Eat: Chunk             |     3 |     7 |    13 |     7 ||    30
       Ration            |       |     1 |     1 |     2 ||     4
Armor: Leather armour    |    22 |    11 |       |       ||    33
       Ring mail         |       |    14 |    15 |       ||    29
       Scale mail        |       |       |   165 |    85 ||   250
Dodge: Dodged            |    36 |    82 |   129 |    70 ||   317
